 Dungeon Crawl Stone Soup version 0.28.0-53-g5a82cb258f (webtiles) character file.

Game seed: 7961943704937770511

2346 DildoBatman the Blocker (level 9, -17/64 HPs)
             Began as a Formicid Conjurer on June 2, 2022.
             Was a Follower of Kikubaaqudgha.
             Demolished by Maggie
             ... wielding a +0 long sword
              (22 damage)
             ... on level 7 of the Dungeon.
             The game lasted 00:21:40 (5805 turns).

DildoBatman the Blocker (Formicid Conjurer)         Turns: 5805, Time: 00:21:40

Health: -17/64     AC:  3    Str: 12    XL:     9   Next: 71%
Magic:  15/28      EV: 26    Int: 18    God:    Kikubaaqudgha [*.....]
Gold:   187        SH: 11    Dex: 13    Spells: 16/22 levels left

rFire   . . .      SeeInvis +   b - +0 long sword
rCold   . . .      Faith    .   t - +0 kite shield
rNeg    . . .      Spirit   .   l - +0 robe
rPois   .          Reflect  .   (helmet unavailable)
rElec   .          Harm     .   I - +0 cloak
rCorr   .          Rampage  .   (no gloves)
Will    .....                   (no boots)
Stlth   ++........              g - amulet of the acrobat
HPRegen 0.20/turn               r - ring of magical power
MPRegen 0.21/turn               (no ring)

@: acrobatic, mesmerised
A: permanent stasis, dig shafts and tunnels, antennae 3, four strong arms
a: Dig, Shaft Self, Renounce Religion, Receive Corpses


You were on level 7 of the Dungeon.
You worshipped Kikubaaqudgha.
Kikubaaqudgha was aware of your devotion.
You visited 2 branches of the dungeon, and saw 8 of its levels.
You also visited: Sewer.

You collected 265 gold pieces.
You spent 78 gold pieces at shops.

Inventory:

Hand Weapons
 a - a +0 hunting sling
 b - a +0 long sword (weapon)
 d - a +2 mace of protection
Missiles
 k - 16 sling bullets
 q - 75 arrows
 s - 103 stones
 u - 3 boomerangs
 w - 5 curare-tipped darts (quivered)
 G - 34 bolts
Armour
 l - a +0 robe (worn)
 t - a +0 kite shield (worn)
 I - a +0 cloak (worn)
Jewellery
 g - an amulet of the acrobat (around neck)
 r - a ring of magical power (left hand)
Wands
 v - a wand of acid (7)
Scrolls
 c - a scroll of torment {unknown}
 i - a scroll of amnesia {unknown}
 o - 2 scrolls of fog {unknown}
 p - 3 scrolls of immolation {unknown}
 x - 3 scrolls of identify {unknown}
 y - 2 scrolls of teleportation {unknown}
 B - a scroll of brand weapon {unknown}
 C - 2 scrolls of magic mapping
 D - a scroll of vulnerability {unknown}
 E - a scroll of silence {unknown}
 H - a scroll of fear {unknown}
Potions
 f - 4 potions of haste {unknown}
 h - 3 potions of curing {unknown}
 j - a potion of might
 m - 2 potions of flight {unknown}
 n - 2 potions of heal wounds {unknown}
 z - a potion of attraction {unknown}
 A - a potion of cancellation {unknown}
 F - a potion of mutation {unknown}


   Skills:
 * Level 3.5 Fighting
 * Level 3.5 Armour
 - Level 1.7 Dodging
 - Level 2.4 Stealth
 - Level 9.0 Shields
 - Level 7.0 Spellcasting
 - Level 6.0 Conjurations


You had 16 spell levels left.
You knew the following spells:

 Your Spells              Type           Power      Damage    Failure   Level
a - Searing Ray           Conj           54%        2d6       2%          2
c - Magic Dart            Conj           100%       1d8       1%          1
d - Vampiric Draining     Necr           6%         2d6       52%         3

Your spell library contained the following spells:

 Spells                   Type           Power      Damage    Failure   Level
 Dazzling Flash           Conj/Hex       34%        N/A       19%         3
 Animate Skeleton         Necr           12%        N/A       21%         1
 Pain                     Necr           24%        1d5       21%         1
 Fulminant Prism          Conj/Hex       8%         3d7       52%         4
 Iskenderun's Mystic Bla  Conj/Tloc      17%        2d5       52%         4
 Summon Lightning Spire   Summ/Air       6%         N/A       90%         4
 Agony                    Necr           6%         N/A       99%         5
 Storm Form               Tmut/Air       3%         N/A       100%        7
 Maxwell's Capacitive Co  Air            3%         ∞         100%        8


Dungeon Overview and Level Annotations

Branches:
Dungeon (7/15)             Temple (1/1) D:5           Sewer (visited)

Altars:
Ashenzari
Cheibriados
Elyvilon
Gozag
Kikubaaqudgha
Makhleb
Nemelex Xobeh
Okawaru
Qazlal
Ru
Sif Muna
Uskayaw
Xom
Yredelemnul
Zin
The Shining One

Shops:
D:4 *

Annotations:
D:7 Maggie


Innate Abilities, Weirdness & Mutations

You cannot be hasted, slowed, berserked, paralysed or teleported.
You can dig through walls and to a lower floor.
You have a pair of large antennae on your head. (SInv)
Your four strong arms can wield two-handed weapons with a shield.


Message History

Press: ? - help, Shift-Dir - straight line, f/p - Maggie
Aim: Maggie, wielding a +0 long sword and wearing +0 steam dragon scales (lightly wounded, 79% to hit)
The searing ray misses Maggie. (Press . to maintain the ray.) Maggie gestures wildly while chanting.
Maggie attempts to bespell you!
You easily resist.
The searing ray hits Maggie!
Maggie is lightly wounded.
Maggie mumbles some strange words.
Maggie attempts to bespell you!
You are mesmerised by Maggie!
The searing ray misses Maggie.
Maggie gestures at you while chanting. The bolt of fire hits you!!
The searing ray hits Maggie.
Maggie is moderately wounded.
You finish channelling your searing ray.
Maggie drinks a potion.
Maggie seems to grow stronger.
Casting: Searing Ray (safe; 2% risk of failure)
Confirm with . or Enter, or press ? or * to list all spells.
Aiming: Searing Ray (safe; 2% risk of failure)
Press: ? - help, Shift-Dir - straight line, f/p - Maggie
Aim: Maggie, wielding a +0 long sword and wearing +0 steam dragon scales (moderately wounded, mesmerising, strong, 79% to hit)
The searing ray hits Maggie!
Maggie is heavily wounded. (Press . to maintain the ray.)
The searing ray hits Maggie.
Maggie is heavily wounded.
Maggie completely misses you.
The searing ray hits Maggie!
Maggie is severely wounded.
Maggie hits you with a +0 long sword!!
The searing ray hits Maggie.
Maggie is severely wounded.
You finish channelling your searing ray.
Maggie hits you with a +0 long sword!!
You die...
Kikubaaqudgha rasps: "You have failed me!
Welcome... death!"

#... ### ###...####.##
............# ............#
.(.@.<......# ............#
###..###..^#######
###..###@..##....#
......'@.........######
......#...............##
..... #...........###...
##+######+###...<###....
#+####...##....##....###....
#..............##....###....
#...........................
+..<........................
##........................._.


You could see Maggie (mesmerising, strong).

Vanquished Creatures
  Grinder (D:3)
  A water moccasin (D:7)
  Pargi (Sewer)
  An orc warrior (D:6)
  2 ice beasts (D:5)
  A black bear (D:7)
  2 ogres
  3 centaurs
  A bullfrog (D:4)
  A wyvern zombie (D:6)
  4 scorpions
  A water moccasin zombie (D:5)
  2 water moccasin skeletons
  A howler monkey (D:6)
  A vampire bat (D:6)
  A bullfrog skeleton (D:6)
  4 hounds
  Crazy Yiuf (D:5)
  2 orc priests
  Natasha (thrice) (D:3)
  Terence (D:1)
  2 iguanas (D:6)
  A killer bee zombie (D:5)
  A howler monkey zombie (D:7)
  6 adders
  2 white imps
  An adder skeleton (D:4)
  A worm (D:7)
  22 orcs
  11 ball pythons
  4 endoplasms
  2 giant cockroaches (D:1)
  3 goblins
  7 hobgoblins
  4 jackals (D:1)
  4 quokkas
  7 bats
  3 frilled lizards
  A jackal skeleton (D:4)
  2 kobolds (D:1)
  5 rats
124 creatures vanquished.

Notes
Turn   | Place    | Note
-------+----------+-------------------------------------------
     0 | D:1      | DildoBatman the Formicid Conjurer began the quest for the
                  | Orb.
     0 | D:1      | Reached XP level 1. HP: 13/13 MP: 3/3
   207 | D:1      | Reached XP level 2. HP: 19/19 MP: 1/5
   213 | D:1      | Learned a level 2 spell: Searing Ray
   510 | D:1      | Reached XP level 3. HP: 15/24 MP: 0/6
  1089 | D:2      | Reached XP level 4. HP: 24/30 MP: 5/7
  1089 | D:2      | Noticed Terence
  1188 | D:2      | Reached skill level 5 in Conjurations
  1541 | D:3      | Noticed Natasha
  1599 | D:3      | Found a hide-covered altar of Uskayaw.
  2044 | D:3      | Reached XP level 5. HP: 26/35 MP: 8/8
  2296 | D:4      | Reached skill level 1 in Armour
  2323 | D:4      | Reached skill level 1 in Fighting
  2412 | D:4      | Reached XP level 6. HP: 43/43 MP: 10/10
  2527 | D:4      | Found Vothran's Assorted Antiques.
  2535 | D:4      | Bought a scroll labelled PYSTRI GUJER for 28 gold pieces
  2535 | D:4      | Bought a glowing golden potion for 25 gold pieces
  2535 | D:4      | Bought a golden potion for 25 gold pieces
  2539 | D:4      | Noticed an ogre
  2545 | D:4      | Killed an ogre
  2658 | D:4      | Reached XP level 7. HP: 37/50 MP: 13/13
  2839 | D:4      | Found a glowing drain.
  2843 | Sewer    | Entered a sewer
  2860 | Sewer    | Noticed Pargi
  2870 | Sewer    | Killed Pargi
  2871 | Sewer    | Reached skill level 5 in Spellcasting
  3156 | D:5      | Entered Level 5 of the Dungeon
  3244 | D:5      | Found a staircase to the Ecumenical Temple.
  3254 | Temple   | Entered the Ecumenical Temple
  3440 | Temple   | Became a worshipper of Kikubaaqudgha
  3591 | D:3      | Noticed Grinder
  3594 | D:3      | Killed Natasha
  3603 | D:3      | Killed Grinder
  3604 | D:3      | Reached XP level 8. HP: 11/56 MP: 9/18
  3680 | D:3      | Noticed Natasha
  3687 | D:3      | Killed Natasha
  3762 | D:3      | Noticed Natasha
  3766 | D:3      | Killed Natasha
  3767 | D:3      | Reached skill level 1 in Shields
  3874 | D:1      | Killed Terence
  4002 | D:5      | Reached skill level 2 in Shields
  4117 | D:5      | Reached skill level 3 in Shields
  4190 | D:5      | Reached skill level 4 in Shields
  4200 | D:5      | Reached skill level 5 in Shields
  4245 | D:5      | Reached skill level 6 in Shields
  4245 | D:5      | Reached XP level 9. HP: 28/61 MP: 16/19
  4446 | D:5      | Found a runed translucent door.
  4447 | D:5      | Noticed Crazy Yiuf
  4679 | D:5      | Killed Crazy Yiuf
  5081 | D:6      | Reached skill level 7 in Shields
  5206 | D:6      | Reached skill level 8 in Shields
  5420 | D:6      | Reached * piety under Kikubaaqudgha
  5420 | D:6      | Received a gift from Kikubaaqudgha
  5429 | D:6      | Reached skill level 9 in Shields
  5624 | D:7      | Found a snail-covered altar of Cheibriados.
  5784 | D:7      | Learned a level 3 spell: Vampiric Draining
  5789 | D:7      | Noticed Maggie
  5805 | D:7      | Demolished by Maggie

Illustrated notes

Levels and vault maps discovered:
D:1:      mainiacjoe_arrival_reflecting_pool, layout_basic
D:2:      layout_rooms, uniq_terence
D:3:      layout_basic, nicolae_overflow_hidden_temple, minmay_misc_feat_room,
          chequers_jeans, uniq_grinder, uniq_natasha
D:4:      layout_rooms, portal_sewer_entry_e, serial_shops, shop
D:5:      layout_gridville, minmay_temple_entry_drinking_statues,
          uniq_crazy_yiuf_cottage
D:6:      layout_basic, nrook_uturn, minivault_1, roderic_batcave,
          kennysheep_generic_room_10
D:7:      layout_gridville, grunt_dithmenos_smoke_and_mirrors, slow_altar_1,
          uniq_pikel, uniq_maggie
Temple:   eino_narrow_crystal_temple

Skill      XL: |  1  2  3  4  5  6  7  8  9 |
---------------+----------------------------+-----
Conjurations   | 4 5 6 |  6.0
Armour         | 1 2 3 |  3.5
Fighting       | 1 2 3 |  3.5
Spellcasting   | 4 6 7 |  7.0
Shields        | 6 9 |  9.0
Dodging        | |  1.7
Stealth        | |  2.4

Action                   |  1- 3 |  4- 6 |  7- 9 || total
-------------------------+-------+-------+-------++-------
Melee: Unarmed           |    19 |       |       ||    19
       Whip              |     4 |       |       ||     4
       Hand axe          |     2 |     6 |       ||     8
       Short sword       |     1 |       |       ||     1
       Flail             |       |     2 |     8 ||    10
       Punch             |       |     1 |       ||     1
       Long sword        |       |       |     2 ||     2
 Fire: Hunting sling     |    11 |    49 |    28 ||    88
Throw: Dart              |       |     1 |       ||     1
 Cast: Magic Dart        |    34 |    33 |    14 ||    81
       Searing Ray       |     3 |     9 |    56 ||    68
 Abil: Dig               |       |     2 |     7 ||     9
Evoke: Wand              |       |       |     2 ||     2
  Use: Scroll            |       |       |     1 ||     1
Armor: Robe              |     9 |     4 |    13 ||    26
Dodge: Dodged            |    29 |    17 |    98 ||   144
Block: Kite shield       |       |       |    44 ||    44
